 Dungeon Crawl Stone Soup version 0.26-a0-651-gb41185065b (webtiles) character file.

Game seed: 1553806701512771276

27 Azzok the Ruffian (level 2, -1/24 HPs)
             Began as a Demonspawn Fighter on Oct 10, 2020.
             Was an Initiate of Okawaru.
             Splashed by a jelly's acid (9 damage)
             ... on level 1 of the Dungeon.
             The game lasted 00:02:14 (939 turns).

Azzok the Ruffian (Demonspawn Fighter)               Turns: 939, Time: 00:02:14

Health: -1/24      AC:  4    Str: 16    XL:     2   Next: 93%
Magic:  2/2        EV:  6    Int:  9    God:    Okawaru [......]
Gold:   51         SH:  8    Dex: 12    Spells: 1/1 levels left

rFire    . . .     SeeInvis .     - Unarmed
rCold    . . .     Faith    .   b - +0 kite shield
rNeg     . . .     Spirit   .   a - +0 scale mail
rPois    .         Reflect  .   (no helmet)
rElec    .         Harm     .   (no cloak)
rCorr    .         Rampage  .   (no gloves)
MR       .....                  (no boots)
Stlth    ..........             (no amulet)
HPRegen  0.08/turn              (no ring)
MPRegen  0.08/turn              (no ring)

@: corroded
A: icy blue scales 1
a: Renounce Religion


You were on level 1 of the Dungeon.
You worshipped Okawaru.
Okawaru was noncommittal.
You visited 1 branch of the dungeon, and saw 1 of its levels.

You collected 51 gold pieces.

Inventory:

Armour
 a - a +0 scale mail (worn)
 b - a +0 kite shield (worn)
Jewellery
 l - an uncursed ring of flight {unknown}
Scrolls
 f - a scroll of amnesia {unknown}
 h - 2 scrolls of teleportation {unknown}
 j - a scroll of magic mapping {unknown}
Potions
 c - a potion of might
 d - a potion of curing {unknown}
 e - a potion of ambrosia {unknown}
 g - a potion of heal wounds {unknown}
 i - 2 potions of magic {unknown}
 k - a potion of flight {unknown}


   Skills:
 - Level 3.0 Fighting
 - Level 2.6 Armour
 - Level 2.6 Shields
 + Level 3.1 Unarmed Combat


You had one spell level left.
You didn't know any spells.
Your spell library was empty.

Dungeon Overview and Level Annotations

Branches:
Dungeon (1/15)

Altars:
Okawaru


Innate Abilities, Weirdness & Mutations

You are partially covered in icy blue scales. (AC +2)


Message History

You completely miss the jelly.
The jelly is lightly wounded.
The jelly closely misses you.
You punch the jelly!
Your hands burn!
The jelly is heavily wounded.
The jelly closely misses you.
You hit the jelly.
Your hands burn!
The jelly is severely wounded.
The jelly hits you but does no damage.
You hit the jelly. The acid corrodes you!
Your hands burn!
The jelly is almost dead.
The rat twitches its whiskers.
You block the jelly's attack.
You barely miss the jelly.
The jelly is almost dead.
The jelly hits you but does no damage.
You hit the jelly but do no damage.
Your hands burn!
The jelly is almost dead.
The jelly hits you.
You are splashed with acid!
You die... ▒····▒▒▒▒▒▒▒·▒▒ ▒·'·····'···▒· ▒▒▒····▒▒▒▒▒▒▒··▒▒▒▒▒▒·····▒·▒▒▒· ········▒·······(·········▒▒·▒ ▒· ········▒·▒▒▒▒▒▒▒▒▒▒▒▒▒▒▒·▒▒·▒▒▒· ········▒·▒·····hr······▒·▒▒····· ········▒·▒····srhsr·(··▒··▒····· ········▒·▒ ···JwsJhh··

▒······)·
··········▒▒▒▒▒▒▒J▒▒▒▒▒▒▒·▒▒▒▒▒▒·
▒▒▒▒▒▒▒▒··▒·····@·······▒··▒···'·
▒··╬⌠····▒▒▒····⌠'····▒▒▒†
▒··▒······<······▒·▒▒·▒ ▒·
▒··▒··⌠···>···⌠··▒·▒▒·▒▒▒·
▒··▒▒▒╬▒▒▒▒▒▒▒'▒▒▒····)···
▒···················▒▒▒▒▒▒
▒·····▒▒▒▒▒▒▒▒▒▒▒▒▒▒▒ ▒▒▒▒▒▒▒


You could see a worm, a jelly, 2 oozes, 4 jackals, 3 giant cockroaches and 3
rats.

Vanquished Creatures
  An ooze (D:1)
  2 giant cockroaches (D:1)
  2 hobgoblins (D:1)
  4 kobolds (D:1)
  7 bats (D:1)
  A frilled lizard (D:1)
  4 goblins (D:1)
  2 rats (D:1)
23 creatures vanquished.

Notes
Turn   | Place    | Note
-------+----------+-------------------------------------------
     0 | D:1      | Azzok the Demonspawn Fighter began the quest for the Orb.
     0 | D:1      | Reached XP level 1. HP: 18/18 MP: 1/1
     1 | D:1      | Found a runed translucent door.
    46 | D:1      | Gained mutation: You are partially covered in icy blue
                  | scales. (AC +2) [demonic ancestry]
    46 | D:1      | Reached XP level 2. HP: 13/24 MP: 2/2
   607 | D:1      | Found an iron altar of Okawaru.
   638 | D:1      | Became a worshipper of Warmaster Okawaru
   939 | D:1      | Splashed by a jelly's acid

Illustrated notes

Levels and vault maps discovered:
D:1:      dpeg_arrival_caged_fury, layout_basic, minmay_misc_feat_hallway,
          okawaru_ov_weapons_minmay

Skill      XL: |  1  2 |
---------------+-------+-----
Unarmed Combat | 2 3 |  3.1
Fighting       | |  3.0
Armour         | |  2.6
Shields        | |  2.6

Action                   || total
-------------------------++-------
Melee: Unarmed           ||   133
Armor: Scale mail        ||    72
Dodge: Dodged            ||    45
Block: Kite shield       ||    79

Table legend: (Time is in decaauts)
 A = Elapsed time spent in this place.
 B = Non-inter-level travel time spent in this place.
 C = Inter-level travel time spent in this place.
 D = Time resting spent in this place.
 E = Time spent auto-exploring this place.
 F = Levels seen in this place.
 G = Mean time per level.
                   A        B        C        D        E       F      G
               +--------+--------+--------+--------+--------+-----+--------+
         Total |    943 |    943 |      0 |    159 |    546 |   1 |  943.0 |
       Dungeon |    943 |    943 |      0 |    159 |    546 |   1 |  943.0 |
               +--------+--------+--------+--------+--------+-----+--------+

Top non-repeatable levels by time:
     D:1: 943 daAuts
